 Dungeon Crawl Stone Soup version 0.28-b1-25-g9875b3fc8c (webtiles) character file.

Game seed: 1258888918153128524

32 sanka the Magician (level 3, 0/30 HPs)
             Began as a Djinni Cinder Acolyte on Feb 5, 2022.
             Was a High Priest of Ignis.
             Slain by Terence (6 damage)
             ... on level 2 of the Dungeon.
             The game lasted 00:01:27 (1680 turns).

sanka the Magician (Djinni Cinder Acolyte)          Turns: 1680, Time: 00:01:29

Health: 0/30       AC:  3    Str: 13    XL:     3   Next: 45%
Gold:   45         EV: 11    Int: 17    God:    Ignis [*****.] SH:  0 Dex:  8

rFire   + + +      SeeInvis .   j - +0 quarterstaff
rCold   x . .      Faith    .   (shield currently unavailable)
rNeg    . . .      Spirit   .   a - +0 robe
rPois   ∞          Reflect  .   (no helmet)
rElec   .          Harm     .   i - +0 cloak
rCorr   .          Rampage  .   (no gloves)
Will    .....                   (boots unavailable)
Stlth   +.........              (no amulet)
HPRegen 0.10/turn               (no ring)
MPRegen 0.00/turn               (no ring)

@: flying
A: sickness immunity, fire resistance 2, cold vulnerability 1, float, innate
caster, HP casting, extra vitality 1
a: Renounce Religion, Fiery Armour, Foxfire Swarm, Rising Flame


You were on level 2 of the Dungeon.
You worshipped Ignis.
Ignis was extremely pleased with you.
You visited 1 branch of the dungeon, and saw 2 of its levels.

You collected 45 gold pieces.

Inventory:

Hand Weapons
 j - a +0 quarterstaff (weapon)
Armour
 a - a +0 robe (worn)
 i - a +0 cloak (worn)
Magical Staves
 h - a staff of conjuration
Wands
 m - a wand of charming (6)
Scrolls
 e - a scroll of teleportation {unknown}
 f - a scroll of fear {unknown}
 l - a scroll of noise {unknown}
 n - a scroll of identify {unknown}
 o - a scroll of amnesia {unknown}
Potions
 b - 3 potions of cancellation {unknown}
 c - 2 potions of curing {unknown}
 d - a potion of berserk rage {unknown}
 g - a potion of might {unknown}
 k - 2 potions of heal wounds {unknown}


   Skills:
 - Level 3.0 Fighting
 - Level 3.0 Unarmed Combat
 + Level 3.3 Spellcasting


You had 5 spell levels left.
You knew the following spells:

 Your Spells              Type           Power      Damage    Failure   Level
a - Scorch                Fire           28%        2d6       6%          2
b - Summon Small Mammal   Summ           56%        N/A       4%          1
Your spell library was empty.

Dungeon Overview and Level Annotations

Branches:
Dungeon (2/15)

Altars:

Annotations:
D:2 Terence


Innate Abilities, Weirdness & Mutations

You are immune to sickness and miasma.
You are immune to poison.
Your flesh is very heat resistant. (rF++)
You are vulnerable to cold. (rC-)
You float through the air rather than walking.
You learn spells naturally, not from books.
Your magical power is your life essence.
You have superior vitality. (+4 MHP)


Message History

Flames lash the kobold.
You kill the kobold!
You start resting.
HP restored.
Things that are here:
a +0 whip; a kobold corpse
n - a scroll labelled NELOFU NUPAGU You now have 45 gold pieces (gained 4).
k - 2 inky potions (gained 1)
You reach down and open the door.
A ball python comes into view.
There is an open door here.
A ball python is nearby!
The ball python hisses angrily.
Flames lash the ball python.
You kill the ball python!
o - a scroll labelled IWKETA ARAI
Found a stone staircase leading up.
Terence the Incautious comes into view.
He is wielding a +0 short sword.
Terence shouts!
Flames lash Terence but do no damage.
Terence barely misses you.
Flames lash Terence.
Terence is moderately wounded.
Terence's fire resistance burns away.
Terence hits you with a +0 short sword.
Flames lash Terence but do no damage.
Terence hits you with a +0 short sword.
Flames lash Terence but do no damage.
Terence barely misses you.
Flames lash Terence but do no damage.
Terence hits you with a +0 short sword.
Flames lash Terence.
Terence is burned terribly!
Terence is heavily wounded.
Terence hits you with a +0 short sword!
* * * LOW HITPOINT WARNING * * *
You are too injured to fight recklessly!
You are too injured to fight recklessly!
Casting: Scorch (safe; 6% risk of failure)
Confirm with . or Enter, or press ? or * to list all spells.
Flames lash Terence but do no damage.
* * * LOW HITPOINT WARNING * * *
Terence shouts, "Now you die!" Terence hits you with a +0 short sword.
You die...

### .. #. #@#########
#.@.......#
#.##########.#########
#...................<#
##########...###.#########
...................#
#................#
#................#
#........#########
########'#######


You could see Terence (combustible).

Vanquished Creatures
  A dart slug (D:1)
  4 endoplasms
  2 giant cockroaches (D:1)
  2 hobgoblins
  3 jackals (D:2)
  A quokka (D:1)
  6 ball pythons
  3 goblins
  3 kobolds
  3 rats
28 creatures vanquished.

Notes
Turn   | Place    | Note
-------+----------+-------------------------------------------
     0 | D:1      | sanka the Djinni Cinder Acolyte began the quest for the
                  | Orb.
     0 | D:1      | Reached XP level 1. HP: 20/20 MP: 0/0
   393 | D:1      | Reached XP level 2. HP: 19/25 MP: 0/0
   940 | D:1      | Found a faded altar of an unknown god.
  1329 | D:2      | Reached XP level 3. HP: 27/30 MP: 0/0
  1329 | D:2      | Learned a level 1 spell: Summon Small Mammal
  1673 | D:2      | Noticed Terence
  1680 | D:2      | Slain by Terence

Illustrated notes

Levels and vault maps discovered:
D:1:      heliophobic_arrival_ceremonial_halls, layout_rooms,
          hellmonk_ecumenical_altar_zigzags
D:2:      layout_basic, uniq_robin, uniq_terence

Skill      XL: |  1  2 |
---------------+-------+-----
Spellcasting   | 3 |  3.3
Fighting       | |  3.0
Unarmed Combat | |  3.0

Action                   || total
-------------------------++-------
Melee: Unarmed           ||    23
       Quarterstaff      ||     3
 Cast: Scorch            ||    30
Armor: Robe              ||     6
Dodge: Dodged            ||    14
